Unix NetHack Version 3.7.0-97 Work-in-progress - last build Feb 8 2024 15:05:57 (6d6cdf8371b60126770a3d7b88910941cb14a054,branch:master). Game began 2024-02-21 17:06:00, ended 2024-02-22 07:19:30. elenmirie, neutral female gnomish Archeologist ----- --------- #-...| #############+.......| ##|{..- ###################|........## ------- # |...| #--------- #........| # |.....| # |.... ##........- -----+--- ## |.....| # |..f| ## ##|.......| ########......| # ##### |).@-f#####|.....(.| |.....| -----|-# -.--- ####|.......| ---.--- |....`|# |.......| # |....[.## --------- # |..(..| # # -#--+-- # # # # --.- |..| |..| ---- Elenmirie the Field Worker St:12 Dx:9 Co:15 In:14 Wi:16 Ch:11 Neutral Dlvl:4 $:0 HP:0(19) Pw:14(14) AC:9 Xp:3/43 T:1734 Burdened Latest messages: Whammm!! In what direction? h Whammm!! In what direction? h Thwack!! In what direction? h As you kick the door, it crashes open! You have a little trouble lifting $ - 7 gold pieces. Ouch! You bump into a door. What do you want to use or apply? [aegirtuwy or ?*] w What do you want to use or apply? [aegirtuwy or ?*] w You put 7 gold pieces into the sack. You hear some noises in the distance. You stop. Coco is in the way! You have a little trouble lifting $ - 11 gold pieces. What do you want to use or apply? [aegirtuwy or ?*] w You put 11 gold pieces into the sack. You swap places with Coco. You see here a large box. Hmmm, the large box turns out to be locked. You swap places with Coco. The grid bug bites! You get zapped! You kill the grid bug! The grid bug bites! You get zapped! The grid bug bites! You get zapped! You lash the grid bug. The grid bug bites! You get zapped! You miss the grid bug. The grid bug bites! You get zapped! Coco bites the grid bug. The grid bug is killed! You stop. Coco is in the way! The kitten bites! You lash the kitten. The kitten bites! What do you want to use or apply? [aegirtuwy or ?*] w You have a little trouble removing n - 3 potions called healing. The kitten bites! The kitten bites! You die... Do you want your possessions identified? [ynq] (y) y Do you want to see your attributes? [ynq] (y) y Do you want an account of creatures vanquished? [ynaq] (y) y Do you want to see your conduct and achievements? [ynq] (y) y Do you want to see the dungeon overview? [ynq] (y) y Inventory: Weapons v - 9 blessed +0 darts o - 11 uncursed +0 darts x - an uncursed poisoned +0 dart m - an uncursed +0 elven dagger a - an uncursed +2 bullwhip (weapon in right hand) Armor c - an uncursed +0 fedora (being worn) b - an uncursed +0 leather jacket (being worn) Comestibles d - 4 uncursed food rations s - an uncursed tripe ration h - an uncursed tin of spinach Spellbooks y - an uncursed spellbook of healing u - an uncursed spellbook of teleport away Potions n - 3 uncursed potions of healing Rings q - an uncursed ring of slow digestion Tools w - an uncursed sack containing 9 items i - an uncursed oil lamp e - an uncursed +0 pick-axe t - an uncursed tinning kit (0:64) r - an uncursed towel Gems/Stones g - an uncursed touchstone Contents of the sack: 3442 gold pieces an uncursed scroll of create monster a cursed scroll of food detection 2 blessed scrolls of light an uncursed spellbook of jumping an uncursed potion of hallucination a blessed potion of healing 3 uncursed potions of healing a cursed potion of speed Elenmirie the Archeologist's attributes: Background: You were a Field Worker, a level 3 female gnomish Archeologist. You were neutral, nominally on a mission for Camaxtli who was opposed by Quetzalcoatl (lawful) and Huhetotl (chaotic). You were right-handed. You were in the Dungeons of Doom, on level 4. You entered the dungeon 1734 turns ago. You had 43 experience points, 37 more were needed to attain level 4. Basics: You had 0 out of 19 hit points. You had all 14 energy points (spell power). Your armor class was 9. Your wallet was empty, but you had 3442 zorkmids stashed away in your pack. Autopickup was on for '$' plus thrown. Final Characteristics: Your strength was 12 (limit:18/50). Your dexterity was 9 (limit:18). Your constitution was 15 (limit:18). Your intelligence was 14 (limit:19). Your wisdom was 16 (limit:18). Your charisma was 11 (limit:18). Final Status: You weren't hungry. You were burdened; movement was slightly slowed. You were wielding a whip. You had basic skill with whip. Final Attributes: You were fervently aligned. You had automatic searching. You had infravision. You are dead. Miscellaneous: You never encountered a bones level. Total elapsed playing time was 9 minutes and 26 seconds. Major events: Turn 1: elenmirie the neutral female gnomish Archeologist entered the dungeon 1216: attained the rank of Field Worker (level 3) 1253: entered the Gnomish Mines 1734: killed by a kitten Vanquished creatures: a giant bat 2 hobgoblins a yellow mold a red mold 2 geckos a kobold 3 goblins 2 sewer rats 8 grid bugs 3 lichens a newt 25 creatures vanquished. No species were genocided or became extinct. Voluntary challenges: You were an atheist. You read items or engraved 2 times. You never engraved Elbereth. You never genocided any monsters. You never polymorphed an object. You never changed form. You used no wishes. Achievements: You entered a shop. You attained the rank of Field Worker. You entered the Gnomish Mines. The Dungeons of Doom: levels 1 to 4 Level 1: Level 2: A fountain, a sink. Level 3: Stairs down to The Gnomish Mines. Level 4: <- You were here. A fountain. Final resting place for you, killed by a kitten. The Gnomish Mines: Level 4: Game over: ---------- / \ / REST \ / IN \ / PEACE \ / \ | elenmirie | | 3442 Au | | killed by a | | kitten | | | | | | 2024 | *| * * * | * _________)/\\_//(\/(/\)/\//\/|_)_______ Goodbye elenmirie the Archeologist... You died in The Dungeons of Doom on dungeon level 4 with 3420 points, and 3442 pieces of gold, after 1734 moves. You were level 3 with a maximum of 19 hit points when you died.